 Dungeon Crawl Stone Soup version 0.24-a0-160-gfa3a8d6 (webtiles) character file.

Game seed: 17634761548524084938

485 galech the Chopper (level 6, 0/48 HPs)
             Began as a Demonspawn Fighter on Mar 5, 2019.
             Slain by an orc
             ... wielding a +0 whip
              (2 damage)
             ... on level 4 of the Dungeon.
             The game lasted 00:04:34 (3358 turns).

galech the Chopper (Demonspawn Fighter)             Turns: 3358, Time: 00:04:35

Health: 0/48       AC:  9    Str: 16    XL:     6   Next: 88%
Magic:  6/6        EV:  5    Int:  9    God:
Gold:   204        SH:  9    Dex: 15    Spells: 5/5 levels left

rFire    . . .     SeeInvis .   a - +0 war axe
rCold    . . .     Gourm    .   c - +0 shield
rNeg     . . .     Faith    .   j - +0 chain mail
rPois    .         Spirit   .   (helmet restricted)
rElec    .         Reflect  .   (no cloak)
rCorr    .         Harm     .   (no gloves)
MR       .....                  (no boots)
Stlth    ..........             (no amulet)
HPRegen  0.16/turn              d - ring of attention (curse)
MPRegen  0.10/turn              (no ring)

@: no status effects
A: antennae 1
a: no special abilities


You were on level 4 of the Dungeon.
You were not hungry.

You visited 1 branch of the dungeon, and saw 4 of its levels.

You collected 204 gold pieces.

Inventory:

Hand Weapons
 a - a +0 war axe (weapon)
Armour
 c - a +0 shield (worn)
 j - a +0 chain mail (worn)
Jewellery
 d - a cursed ring of attention (left hand)
Scrolls
 h - a scroll of remove curse
 k - 3 scrolls of teleportation
 l - a scroll of noise
 m - a scroll of immolation
Potions
 b - 2 potions of brilliance {unknown}
 i - 2 potions of ambrosia {unknown}
 o - a potion of resistance {unknown}
 p - a potion of mutation {unknown}
 q - 2 potions of haste {unknown}
Comestibles
 f - 9 rations
 g - 4 chunks of flesh


   Skills:
 + Level 3.7 Fighting
 + Level 4.4 Axes
 + Level 4.0 Armour
 + Level 1.2 Dodging
 + Level 0.1 Stealth
 + Level 4.2 Shields


You had 5 spell levels left.
You didn't know any spells.
Your spell library was empty.

Dungeon Overview and Level Annotations

Branches:
Dungeon (4/15)
 Temple: D:4-7

Altars:
Cheibriados
Fedhas

Annotations:
D:3 3 runed translucent doors, galech's ghost, amateur DsFi


Innate Abilities, Weirdness & Mutations

You have a pair of small antennae on your head.


Message History

You block the orc's attack.
The orc priest hits you but does no damage.
The orc hits you but does no damage.
You slash the orc priest!
The orc priest is almost dead.
You hit the orc.
The orc priest hits you but does no damage.
The orc barely misses you.
Your shield and chain mail prevent you from hitting the orc priest.
The orc priest is almost dead.
You closely miss the orc. You block the orc's attack.
You block the orc priest's attack.
Your chain mail prevents you from hitting the orc priest.
The orc priest is almost dead.
You hit the orc but do no damage. The orc barely misses you.
The orc priest invokes the aid of Beogh against you.
Beogh smites you!
* * * LOW HITPOINT WARNING * * *
The orc hits you with a +0 whip.
You die...

.... ### .... #.#
...... ... .....
#.#.....##
#$#......#
#ooo..>.# ..
#@###...# ....
#..#...####.#..
##.....#.....#
#..........###
##.............
###>.............
#...............#
.#.....(..........
........>.#.......


You could see an orc priest and 2 orcs.

Vanquished Creatures
  A centaur (D:3)
  3 killer bees (D:3)
  An orc priest (D:3)
  2 orc wizards
  Robin (D:2)
  7 adders
  An ooze (D:2)
  4 worms
  6 dart slugs
  4 leopard geckos
  5 orcs
  A giant cockroach (D:3)
  18 goblins
  10 hobgoblins
  2 jackals (D:3)
  9 kobolds
  A quokka (D:4)
  8 bats
  5 frilled lizards
  15 rats
104 creatures vanquished.

Notes
Turn   | Place    | Note
-------+----------+-------------------------------------------
     0 | D:1      | galech the Demonspawn Fighter began the quest for the Orb.
     0 | D:1      | Reached XP level 1. HP: 18/18 MP: 1/1
   165 | D:1      | Gained mutation: You have a pair of small antennae on your
                  | head. [demonic ancestry]
   165 | D:1      | Reached XP level 2. HP: 24/24 MP: 2/2
   507 | D:1      | Reached XP level 3. HP: 20/29 MP: 3/3
  1059 | D:2      | Noticed Robin
  1063 | D:2      | Reached XP level 4. HP: 31/35 MP: 4/4
  1463 | D:2      | Killed Robin
  1519 | D:2      | Found a snail-covered altar of Cheibriados.
  1550 | D:2      | Reached skill level 1 in Dodging
  1618 | D:2      | Found a snail-covered altar of Cheibriados.
  1743 | D:2      | Reached XP level 5. HP: 37/41 MP: 5/5
  1749 | D:2      | Found a blossoming altar of Fedhas.
  2092 | D:3      | Noticed galech's ghost (amateur DsFi)
  2120 | D:3      | Found a runed translucent gate.
  2120 | D:3      | Found a runed translucent gate.
  2120 | D:3      | Found a runed translucent gate.
  2578 | D:3      | Noticed a centaur
  2582 | D:3      | Killed a centaur
  2582 | D:3      | Reached XP level 6. HP: 48/48 MP: 6/6
  3358 | D:4      | HP: 2/48 [orc priest/divine providence (12)]
  3358 | D:4      | Slain by an orc

Levels and vault maps discovered:
D:1:      mainiacjoe_arrival_reflecting_pool, layout_loops_corners,
          wander_ebering_terrifying_dragon_lair
D:2:      layout_basic, overflow_temple_1_default, lemuel_round_altar,
          kennysheep_slug_shrine, uniq_robin
D:3:      layout_loops_ring, gammafunk_ghost_split, first_ration,
          nrook_mini_backslash, kennysheep_doodads, minmay_crystal_room
D:4:      layout_cave_pools, gammafunk_temple_overflow_elements, temple_green,
          gup_ossuary_entry_pyramid, chequers_serial_rivers_micro_b, uniq_pikel,
          uniq_menkaure

Skill      XL: |  1  2  3  4  5  6 |
---------------+-------------------+-----
Shields        | 3 4 |  4.2
Axes           | 2 3 4 |  4.4
Armour         | 3 4 |  4.0
Dodging        | 1 |  1.2
Fighting       | |  3.7
Stealth        | |  0.1

Action                   |  1- 3 |  4- 6 || total
-------------------------+-------+-------++-------
Melee: War axe           |   134 |   224 ||   358
  Use: Scroll            |       |     5 ||     5
       Potion            |       |     1 ||     1
  Eat: Chunk             |     1 |     8 ||     9
Armor: Scale mail        |    57 |    13 ||    70
       Chain mail        |       |   126 ||   126
Dodge: Dodged            |    41 |    55 ||    96
Block: Shield            |    61 |   149 ||   210

Table legend:
 A = Non-vault XP
 B = Vault XP
 C = Vault XP percentage of total XP
 D = Non-vault monster count
 E = Vault monster count
 F = Vault count percentage of total count
                 A         B        C        D         E       F
            +---------+---------+-------+---------+---------+-------
      Total |     650 |      44 |   6.3 |      90 |      14 |  13.5
            +---------+---------+-------+---------+---------+-------
        D:1 |      79 |       7 |   8.1 |      35 |       3 |   7.9
        D:2 |     114 |      37 |  24.5 |      22 |      11 |  33.3
        D:3 |     421 |       0 |   0.0 |      28 |       0 |   0.0
        D:4 |      36 |       0 |   0.0 |       5 |       0 |   0.0
            +---------+---------+-------+---------+---------+-------
